 Dungeon Crawl Stone Soup version 0.18-a0-1800-gdc7a371 (webtiles) character file.

158 M4edhros the Insei (level 5, 0/31 HPs)
             Began as an Octopode Necromancer on Apr 24, 2016.
             Slain by Blork the orc
             ... wielding a +1 hand axe of flaming
              (2 damage)
             ... on level 4 of the Dungeon.
             The game lasted 00:33:25 (896 turns).

M4edhros the Insei (Octopode Necromancer)            Turns: 896, Time: 00:33:25

Health: 0/31       AC:  3    Str:  7    XL:     5   Next: 40%
Magic:  5/8        EV: 18    Int: 18    God:
Gold:   86         SH:  0    Dex: 18    Spells: 3 memorised, 3 levels left

rFire  . . .     SeeInvis .       - Unarmed
rCold  . . .     Gourm    .     (no shield)
rNeg   + . .     Faith    .     o - +2 hat
rPois  .         Spirit   .     (no amulet)
rElec  .         Dismiss  .     g - ring of positive energy
rCorr  .         Reflect  .     (no ring)
SustAt .         Harm     .     (no ring)
MR     .....                    (no ring)
Stlth  +++++.....               (no ring)
                                (no ring)
                                (no ring)
                                (no ring)

@: agile, slowed, very slow, not resistant to hostile enchantments, quite
stealthy
A: almost no armour, amphibious, 8 rings, constrict 8, camouflage 1, gelatinous
body 1
a: no special abilities


You were on level 4 of the Dungeon.
You were hungry.

You visited 1 branch of the dungeon, and saw 4 of its levels.

You collected 86 gold pieces.

Inventory:

Missiles
 h - 34 stones (quivered)
 k - 5 curare-tipped needles
Armour
 o - a +2 hat (worn)
Jewellery
 g - a ring of positive energy (left tentacle)
Scrolls
 c - a scroll of teleportation {unknown}
 e - 2 scrolls of random uselessness
 i - a scroll of magic mapping
 l - a scroll of noise
 m - a scroll of amnesia
Books
 a - a book of Necromancy

   Spells                             Type                      Level
   a - Pain                           Necromancy                   1
   b - Animate Skeleton               Necromancy                   1
   c - Vampiric Draining              Necromancy                   3
   d - Regeneration                   Charms/Necromancy            3
   e - Animate Dead                   Necromancy                   4
   f - Control Undead                 Necromancy                   4
Comestibles
 b - a bread ration
 d - 2 chunks of flesh
 f - a beef jerky
 n - a meat ration


   Skills:
 - Level 2.0 Dodging
 - Level 2.6 Stealth
 + Level 4.9 Unarmed Combat
 - Level 2.0 Spellcasting
 - Level 4.0 Necromancy


You had 3 spell levels left.
You knew the following spells:

 Your Spells              Type           Power        Failure   Level  Hunger
a - Pain                  Necr           ###.         3%          1    #......
b - Animate Skeleton      Necr           N/A          3%          1    #......
r - Regeneration          Chrm/Necr      #.........   24%         3    ###....


Dungeon Overview and Level Annotations

Branches:
Dungeon (4/15)             Temple (0/1) D:4

Altars:
Fedhas
Gozag

Annotations:
D:2 Terence
D:3 Gruesome's ghost, weakling DrTm
D:4 Blork the orc


Innate Abilities, Weirdness & Mutations

You cannot wear most types of armour.
You are amphibious.
You can wear up to eight rings at the same time.
You can use your tentacles to constrict eight enemies at once.
Your skin changes colour to match your surroundings (Stealth).
Your rubbery body absorbs attacks (AC +1).


Message History

Drink which item? (? for menu, Esc to quit)
Okay, then.
Drink which item? (? for menu, Esc to quit)
You feel agile all of a sudden.
You constrict Blork the orc.
Blork the orc points at you and mumbles some strange words.
The puff of flame hits you!
* * * LOW HITPOINT WARNING * * *
You aren't carrying any items that you can evoke.
Read which item? (? for menu, Esc to quit)
Okay, then.
You tentacle-slap Blork the orc.
Blork the orc is almost dead.
You constrict Blork the orc.
Blork the orc hits you but does no damage.
You tentacle-slap Blork the orc.
Blork the orc is almost dead.
You constrict Blork the orc.
Blork the orc hits you with a hand axe of flaming.
You die...

#.#.###.†... ....##......
#.##......... #.......#....
###..####.... #####PPP####
#.... .. #..#P...P# #.... # #..
#..o..>.P# #.... #. ..
#.@#P...P# ###### ##..#.
#####..##PPP## ......
....#.##.......########. ###
W........#..(.......... ###..
...........#.........# #....
..###..####.........# ###.##.
##.# ##.........# #......
#.###..........###.#.#.#
.#######.#.....................


You could see Blork the orc.

Vanquished Creatures
  A scorpion (D:4)
  A giant frog skeleton (D:4)
  A worker ant (D:4)
  An adder (D:4)
  2 oozes (D:1)
  2 worms (D:2)
  A dart slug (D:1)
  2 giant geckos
  3 ball pythons (D:2)
  A giant cockroach (D:1)
  2 goblins (D:1)
  8 hobgoblins
  2 kobolds
  5 bats
  3 giant newts
  2 rats (D:1)
37 creatures vanquished.

Vanquished Creatures (collateral kills)
  A goblin (D:3)
1 creature vanquished.

Grand Total: 38 creatures vanquished

Notes
Turn   | Place    | Note
--------------------------------------------------------------
     0 | D:1      | M4edhros the Octopode Necromancer began the quest for the Orb.
     0 | D:1      | Reached XP level 1. HP: 11/11 MP: 3/3
    48 | D:1      | Reached skill level 1 in Unarmed Combat
    60 | D:1      | Reached XP level 2. HP: 5/17 MP: 0/5
   177 | D:2      | Found an opulent altar of Gozag.
   295 | D:2      | Learned a level 1 spell: Animate Skeleton
   418 | D:1      | Reached XP level 3. HP: 7/21 MP: 3/6
   424 | D:1      | Learned a level 3 spell: Regeneration
   577 | D:2      | Noticed Terence
   589 | D:3      | Noticed Gruesome's ghost (weakling DrTm)
   693 | D:3      | Found a blossoming altar of Fedhas.
   729 | D:4      | Noticed a scorpion
   737 | D:4      | Killed a scorpion
   737 | D:4      | Reached XP level 4. HP: 22/27 MP: 0/7
   795 | D:4      | Reached XP level 5. HP: 18/31 MP: 6/8
   873 | D:4      | Noticed a phantom
   883 | D:4      | Found a staircase to the Ecumenical Temple.
   883 | D:4      | Noticed Blork the orc
   896 | D:4      | Slain by Blork the orc

Vault maps used:
D:1:      saegor_arrival_simple_d
D:2:      nicolae_gozag_cash_rules_everything_around_me, first_bread, uniq_iyjb,
          uniq_terence
D:3:      fedhas_altar_2, old_standard_altar, kennysheep_another_room,
          uniq_robin
D:4:      minmay_temple_entry_enclosed_plants, serial_glass, glass_columns_a,
          glass_columns_b, grunt_pakellas_sulfur, uniq_blork_the_orc

Skill      XL: |  1  2  3 |
---------------+----------+-----
Unarmed Combat | 1 2 4 |  4.9
Dodging        | |  2.0
Stealth        | |  2.6
Spellcasting   | |  2.0
Necromancy     | |  4.0

Action                   |  1- 3 |  4- 6 || total
-------------------------+-------+-------++-------
Melee: Unarmed           |    59 |    20 ||    79
       Constrict         |    14 |     4 ||    18
       Tentacles         |    10 |     3 ||    13
       Punch             |     1 |       ||     1
 Cast: Pain              |    28 |     4 ||    32
       Animate Skeleton  |     2 |     1 ||     3
       Regeneration      |     4 |     2 ||     6
  Use: Scroll            |     4 |     1 ||     5
       Potion            |       |     3 ||     3
 Stab: Sleeping          |     8 |       ||     8
  Eat: Chunk             |     1 |       ||     1
Armor: Skin              |     8 |     2 ||    10
Dodge: Dodged            |    25 |    12 ||    37
